 Dungeon Crawl Stone Soup version 0.30-a0-1008-g30c9307041 (webtiles) character file.

Game seed: 17451738418212603197

107 Newt the Shooter (level 5, -4/35 HPs)
             Began as a Kobold Hunter on Apr 5, 2023.
             Succumbed to an orc's poison
             ... on level 3 of the Dungeon.
             The game lasted 00:02:38 (2231 turns).

Newt the Shooter (Kobold Hunter)                    Turns: 2231, Time: 00:02:38

Health: -4/35      AC:  4    Str: 15    XL:     5   Next: 11%
Magic:  5/5        EV: 14    Int: 10    God:
Gold:   133        SH:  4    Dex: 20    Spells: 4/4 levels left

rFire   . . .      SeeInvis .    o - +0 sling
rCold   . . .      Faith    .    n - +0 buckler {reflect}
rNeg    . . .      Spirit   .    c - +0 leather armour
rPois   .          Reflect  +    (no helmet)
rElec   .          Rampage  .    (no cloak)
rCorr   .                        (no gloves)
Will    .....                    f - +0 pair of boots
Stlth   +++                      (no amulet)
HPRegen 0.25/turn                k - +6 ring of strength
MPRegen 0.09/turn                (no ring)

@: lethally poisoned (-4 -> -42), invisible
A: small, no large weapons, nightstalker 3
a: no special abilities


You were on level 3 of the Dungeon.
You visited 1 branch of the dungeon, and saw 3 of its levels.

You collected 133 gold pieces.

Inventory:

Hand Weapons
 a - a +0 shortbow of draining
 o - a +0 sling (weapon)
Missiles
 g - a throwing net
Armour
 c - a +0 leather armour (worn)
 f - a +0 pair of boots (worn)
 n - a +0 buckler of reflection (worn)
Jewellery
 k - a +6 ring of strength (left hand)
Scrolls
 b - a scroll of immolation
 d - 4 scrolls of teleportation
Potions
 j - a potion of mutation
 l - a potion of flight
 r - a potion of lignification {unknown}
 s - a potion of might {unknown}


   Skills:
 - Level 5.0 Fighting
 + Level 5.8 Ranged Weapons
 - Level 2.4 Dodging
 - Level 1.3 Stealth


You had 4 spell levels left.
You didn't know any spells.
Your spell library was empty.

Dungeon Overview and Level Annotations

Branches:
Dungeon (3/15)

Altars:


Innate Abilities, Weirdness & Mutations

You are small and have problems with some larger weapons.
You are completely attuned to the shadows.


Message History

The sling bullet hits the orc but does no damage.
The orc is heavily wounded.
The orc misses you.
You shoot a sling bullet.
The sling bullet closely misses the orc.
The sling bullet hits the orc.
You kill the orc!
The orc barely misses you.
You shoot a sling bullet.
The sling bullet hits the orc but does no damage.
The orc hits you with a +0 falchion of venom.
You shoot a sling bullet.
The sling bullet completely misses the orc.
The orc closely misses you. The orc completely misses you.
You shoot a sling bullet. The sling bullet barely misses the orc.
You block the orc's attack.
The orc hits you with a +0 falchion of venom.
You are poisoned.
You shoot a sling bullet. The sling bullet hits the orc.
The orc is almost dead.
You feel sick. The orc completely misses you.
The orc hits you with a +0 falchion of venom.
You are more poisoned.
You are too injured to fight recklessly!
You are too injured to fight recklessly!
You are too injured to fight recklessly!
Unknown command.
You shoot a sling bullet.
The sling bullet hits the orc but does no damage.
You feel very sick. The orc closely misses you.
The orc hits you with a +0 falchion of venom.
You are more poisoned.
You block the orc's attack.
The orc hits you with a +0 falchion of venom.
* * * LOW HITPOINT WARNING * * *
You are more poisoned.
It was a potion of invisibility.
You fade into invisibility!
You die...

...*,..#,*,*,#.### #.#....#.#
...##.##,*,*,#.# #.######.#
*#......,*,#,#.# #.# #.#
**#<...#,*.#.#.#########.# #.#
........,,>............#.# #.#
##......,*...########..#.######.#
*.......,*.......................
........,*.#...o....##...######.#
**,,,,,,,*,*..)o@...##.#..# ###'#
**,,,,,,**,*........##.#..###....
**,,,,,,,,,*........##<.....'..).
**,,,,,,****........######.##....
**,,,,,,* *.......)))...#.##....
**,,,,,,* **###########.#.##....
**,,,,,,* #.#.##.... **,,,,,,*
#......... *****,*** ###.......


You could see 2 orcs.

Vanquished Creatures
  2 adders (D:3)
  4 gnolls (D:3)
  A worm (D:2)
  2 orcs (D:3)
  An endoplasm (D:3)
  5 goblins
  5 hobgoblins
  5 quokkas
  7 ball pythons
  5 bats
  4 frilled lizards
  4 kobolds
  5 rats
50 creatures vanquished.

Notes
Turn   | Place    | Note
-------+----------+-------------------------------------------
     0 | D:1      | Newt the Kobold Hunter began the quest for the Orb.
     0 | D:1      | Reached XP level 1. HP: 12/12 MP: 1/1
    99 | D:1      | Reached XP level 2. HP: 18/18 MP: 2/2
   320 | D:1      | Reached XP level 3. HP: 23/23 MP: 3/3
  1496 | D:3      | Reached XP level 4. HP: 30/30 MP: 4/4
  2051 | D:3      | Reached skill level 5 in Fighting
  2055 | D:3      | Reached XP level 5. HP: 14/35 MP: 5/5
  2231 | D:3      | Succumbed to an orc's poison

Illustrated notes

Levels and vault maps discovered:
D:1:      minmay_arrival_hallway, layout_rooms
D:2:      layout_loops_ring, minivault_14, minmay_vboxes
D:3:      layout_basic, ebering_ecumenical_altar_box

Skill      XL: |  1  2  3  4 |
---------------+-------------+-----
Fighting       | 3 4 5 |  5.0
Ranged Weapons | |  5.8
Dodging        | |  2.4
Stealth        | |  1.3

Action                     |  1- 3 |  4- 6 || total
---------------------------+-------+-------++-------
   Fire: Shortbow          |    88 |       ||    88
         Sling             |     4 |    50 ||    54
    Use: Scroll            |     9 |     2 ||    11
         Potion            |     2 |     2 ||     4
 Armour: Leather armour    |    14 |     8 ||    22
  Dodge: Dodged            |    38 |    23 ||    61
  Block: Buckler           |     1 |     5 ||     6

Table legend: (Time is in decaauts)
 A = Elapsed time spent in this place.
 B = Non-inter-level travel time spent in this place.
 C = Inter-level travel time spent in this place.
 D = Time resting spent in this place.
 E = Time spent auto-exploring this place.
 F = Levels seen in this place.
 G = Mean time per level.
                   A        B        C        D        E       F      G
               +--------+--------+--------+--------+--------+-----+--------+
         Total |   2267 |   2220 |     47 |    364 |   1552 |   3 |  755.7 |
       Dungeon |   2267 |   2220 |     47 |    364 |   1552 |   3 |  755.7 |
               +--------+--------+--------+--------+--------+-----+--------+

Top non-repeatable levels by time:
     D:3: 891 daAuts
     D:2: 825 daAuts
     D:1: 550 daAuts
